[Event "*** Titled Tuesday Blitz"]
[Site "Chess.com"]
[Date "2020.04.14"]
[Round "5"]
[White "Ziachess74"]
[Black "realmadridtv"]
[Result "1-0"]
[WhiteElo "2535"]
[BlackElo "2313"]
[TimeControl "180+1"]
[EndTime "10:52:35 PDT"]
[Termination "Ziachess74 won by resignation"]

1. d4 Nf6 2. Bg5 d5 3. e3 c6 4. Bd3 g6 5. Bxf6 exf6 6. Ne2 Bg7 7. h4 f5 8. h5 Nd7 9. c4 dxc4 10. Bxc4 Nf6 11.
Qb3 O-O 12. hxg6 hxg6 13. Nf4 b5 14. Be2 Nd5 15. Nxd5 cxd5 16. Nc3 a6 17. Bf3 b4 18. Ne2 a5 19. Qxd5 Rb8 20. Nf4 Bb7 21. Qxd8 Rfxd8 22.
Bxb7 Rxb7 23. Rc1 Re7 24. O-O g5 25. Nd3 f4 26. Rfe1 fxe3 27. fxe3 Rde8 28. Kf2 f5 29. Rc4 f4 30. exf4 Rxe1 31. Nxe1 gxf4 32. Nf3 Re4 33. b3 Kf8 34. Rc8+ Ke7 35. Rc7+ Kf8 36. Rc8+ Ke7 37. Ra8 Bxd4+ 38. Nxd4 Rxd4 39. Rxa5 Kd6 40. Kf3 Kc6 41. Ra4 Kb5 42. a3 Rd3+ 43. Kxf4 bxa3 44. Rxa3 Kb4 45. Ra1 Kxb3 46. Re1 Kc4 47. g4 Kd5 48. Kf5 Rf3+ 49. Kg6 Kd6 50. g5 Kd7 51. Kg7 Rf2 52. g6 Rf4 53. Kg8 Rf6 54. g7 Rf2 55. Kh7 Rh2+ 56. Kg8 Rf2 57. Rh1 Rf3 58.
Kh8 Ke7 59. g8=Q Rf6 60. Qg7+ Rf7 61. Qxf7+ Kxf7 62. Kh7 Kf8 63. Rf1+ Ke7 64. Kg6 Ke6 65. Re1+ Kd5 66. Kf5 Kc4 67. Rd1 Kb3 68. Ke4 Kc2 69. Rd5 Kc1 70. Rd4 Kc2 71. Ke3 Kc3 72. Re4 Kc2 73. Rc4+ Kd1 74. Rc3 1-0

[Event "*** Titled Tuesday Blitz"]
[Site "Chess.com"]
[Date "2020.04.14"]
[Round "5"]
[White "tylityli"]
[Black "karinachess1"]
[Result "1/2-1/2"]
[WhiteElo "2152"]
[BlackElo "2487"]
[TimeControl "180+1"]
[EndTime "10:52:36 PDT"]
[Termination "Game drawn - insufficient material"]

1. e4 c5 2. Nf3 a6 3. d4 cxd4 4.
Nxd4 Nf6 5. Nc3 e5 6. Nb3 Bb4 7. Bd3 d5 8. exd5 Nxd5 9. Bd2 Nxc3 10. bxc3 Be7 11. O-O Nc6 12. Qe2 O-O 13. a4 f5 14.
Bc4+ Kh8 15. Rfd1 Qe8 16. f3 Qg6 17. Be3 f4 18. Bc5 Re8 19. Bd3 Bf5 20. Rd2 Rac8 21. Rad1 Bg5 22. Be4 Bxe4 23. Qxe4 Qxe4 24. fxe4 f3 25.
Rd7 Na5 26. Nxa5 Rxc5 27. Nxb7 Rxc3 28. Nd6 Be3+ 29. Kh1 fxg2+ 30. Kxg2 Rf8 31. Rf7 Kg8 32. Rxf8+ Kxf8 33. Rf1+ Bf4 34. Rf2 g6 35. Kf1 Ke7 36. Nb7 Rc4 37. h3 Kd7 38. Rf3 Kc7 39. Rb3 Rxa4 40.
Nc5 Ra1+ 41. Kg2 a5 42. Ne6+ Kc6 43. Rc3+ Kd6 44. Nf8 a4 45. Nxh7 a3 46. Nf8 a2 47.
Ra3 Kc5 48. Nxg6 Kb4 49. Ra8 Kc3 50. h4 Kb2 51. h5 Rd1 52. Rb8+ Kxc2 53. Ra8 Kb1 54.
Rb8+ Kc2 55. Ra8 Kd3 56. Rxa2 Kxe4 57. Re2+ Kf5 58. Ne7+ Kg4 59. h6 Rd7 60. Ng6 Rh7 61. Nxe5+ Bxe5 62. Rxe5 Rxh6 63. Re4+ Kg5 64. Ra4 Rg6 65.
Ra5+ Kh6+ 66. Kf3 Rg5 67. Rxg5 Kxg5 1/2-1/2

[Event "*** Titled Tuesday Blitz"]
[Site "Chess.com"]
[Date "2020.04.14"]
[Round "5"]
[White "ItsCheckM8Mate"]
[Black "WeAintSurePal"]
[Result "1-0"]
[WhiteElo "2151"]
[BlackElo "2313"]
[TimeControl "180+1"]
[EndTime "10:52:37 PDT"]
[Termination "ItsCheckM8Mate won by resignation"]

1. e4 e5 2. Nf3 Nc6 3. Bb5 a6 4.
Ba4 Nf6 5. O-O Be7 6. Re1 b5 7. Bb3 d6 8. c3 O-O 9. h3 Nd7 10. d3 Bb7 11. Nbd2 h6 12. Nf1 Re8 13. Ng3 Nc5 14. Bd5 Bf6 15. b4 Ne6 16. Be3 Qd7 17. Nf5 Ncd8 18. Bb3 d5 19. exd5 Bxd5 20. N3h4 Bxb3 21.
axb3 Nc6 22. Qg4 Bg5 23. Nf3 Rad8 24. h4 Bxe3 25. Rxe3 h5 26. Qxh5 Nf4 27. Qg5 f6 28.
Qg4 g6 29. Nh6+ Kg7 30. Qxd7+ Rxd7 31. Ng4 Nb8 32. d4 Rde7 33. dxe5 Nd7 34. exf6+ Nxf6 35. Nxf6 Kxf6 36. Rxa6+ Kg7 37. Rxe7+ Rxe7 38. g3 Ne2+ 39. Kg2 Nxc3 40. Rc6 Nd5 41. Rc5 Nxb4 42. Rxb5 Nd3 43.
Ng5 Re2 44. Rd5 Ne1+ 45. Kg1 Re7 46. Kf1 Nc2 47. Kg2 Nb4 48. Rc5 Nd3 49. Rc6 Ne5 50.
Ne6+ Kf6 51. Rxc7 Rxe6 52. f4 Ng4 53. Kf3 Nh6 54. g4 Rb6 55. g5+ Kf5 56. Rc5+ Ke6 57.
Re5+ Kd6 58. gxh6 Rxb3+ 59. Kg4 Rb7 60. Kg5 Rb6 61. Kxg6 Kd7+ 62. Kg5 Rb8 63. h7 Rh8 64. Kh6 Rf8 65. Kg7 Rxf4 66. h8=Q Rg4+ 67. Kf6 Rf4+ 68. Rf5 Re4 69. Qg7+ Kd6 70. Qf8+ Kc6 71. Qa8+ Kd7 72. Qxe4 1-0

[Event "*** Titled Tuesday Blitz"]
[Site "Chess.com"]
[Date "2020.04.14"]
[Round "5"]
[White "Bulldog167"]
[Black "Guenplen"]
[Result "1/2-1/2"]
[WhiteElo "2758"]
[BlackElo "2941"]
[TimeControl "180+1"]
[EndTime "10:52:38 PDT"]
[Termination "Game drawn by stalemate"]

1. d4 d5 2. c4 e6 3. Nc3 a6 4. cxd5 exd5 5. Nf3 Nf6 6. Bg5 Be6 7. Bxf6 Qxf6 8.
Qb3 Ra7 9. g3 Nd7 10. h4 c6 11. Ng5 Qxd4 12. Nxe6 fxe6 13. Bh3 Bb4 14. O-O Nc5 15. Qc2 O-O 16. Na4 Ne4 17. Bxe6+ Kh8 18. e3 Qe5 19. Bh3 Bd6 20. Bg2 Nf6 21. Nc5 Rf7 22. Nd3 Qf5 23. Rac1 Ra8 24. Nf4 Qxc2 25.
Rxc2 Re8 26. Nd3 g6 27. b4 Ne4 28. a4 Rc7 29. Rfc1 Rce7 30. b5 cxb5 31. axb5 a5 32. b6 a4 33. Ra1 a3 34. Nf4 Bxf4 35. gxf4 Ra8 36. Rca2 Re6 37. Rxa3 Rxa3 38. Rxa3 Rxb6 39. Bxe4 dxe4 40. Ra4 Re6 41. Rb4 b6 42. Kg2 Kg7 43. f3 exf3+ 44. Kxf3 Kf7 45. e4 Ke7 46. Ra4 Kd6 47. e5+ Kd5 48. Ra7 h5 49. Ke3 b5 50.
Rb7 Kc6 51. Rb8 Kc5 52. Ke4 Rc6 53. f5 gxf5+ 54. Kxf5 b4 55. e6 Kd6 56. Rxb4 Rc1 57.
Rd4+ Ke7 58. Rd7+ Ke8 59. Rh7 Rf1+ 60. Kg5 Re1 61. Kf6 Rf1+ 62. Kg6 Re1 63. Kf6 Rf1+ 64. Ke5 Re1+ 65. Kf5 Rf1+ 66. Kg5 Re1 67. Rh6 Ke7 68. Kxh5 Re5+ 69. Kg4 Rxe6 70. Rxe6+ Kxe6 71. Kg5 Kf7 72. Kf5 Kg8 73. h5 Kh8 74. h6 Kg8 75. h7+ Kh8 76. Kg6 1/2-1/2

[Event "*** Titled Tuesday Blitz"]
[Site "Chess.com"]
[Date "2020.04.14"]
[Round "5"]
[White "Dare-Dare"]
[Black "pedroholly22"]
[Result "1-0"]
[WhiteElo "2193"]
[BlackElo "2333"]
[TimeControl "180+1"]
[EndTime "10:52:42 PDT"]
[Termination "Dare-Dare won by resignation"]

1. Nf3 d5 2. c4 c6 3. e3 Nf6 4.
Nc3 g6 5. b3 Bg7 6. Bb2 O-O 7.
Be2 Bf5 8. O-O dxc4 9. Bxc4 Bd3 10. Bxd3 Qxd3 11. Ne5 Qd8 12. d4 Nbd7 13. Nc4 Nb6 14. Qe2 Nfd5 15. Ne4 Nxc4 16. bxc4 Nf6 17. Nc5 b6 18.
Nb3 Qd7 19. Rac1 Rfe8 20. Rfd1 Qc7 21. a4 Nd7 22. c5 bxc5 23. Nxc5 Nxc5 24. Rxc5 Rab8 25.
Rdc1 Qb6 26. Bc3 Qb3 27. a5 Bf8 28. Rxc6 Rec8 29. Rxc8 Rxc8 30. Bd2 Rxc1+ 31. Bxc1 e6 32. Bd2 Qc2 33. Qe1 Ba3 34. g3 h5 35. Bb4 Bxb4 36.
Qxb4 Qc1+ 37. Kg2 Qc6+ 38. Kf1 Qc1+ 39. Ke2 Qc2+ 40. Qd2 Qe4 41. f3 Qd5 42. Kf2 Qb5 43. e4 Kf8 44. Qc3 Kg8 45. Qd2 Kf8 46. Ke3 Ke7 47. Qc3 Kd6 48. e5+ Kd5 49. Qd3 Kc6 50. Qe4+ Kc7 51. Qf4 Qb3+ 52. Kf2 Qa2+ 53. Kg1 Qxa5 54.
Qxf7+ Kb8 55. Qxe6 Qe1+ 56. Kg2 Qd2+ 57. Kh3 Qxd4 58.
Qe8+ Kc7 59. e6 Qd5 60. Qe7+ Kc8 61. Qe8+ Kc7 62. Qxg6 Kd6 63. e7+ Kxe7 64. Qg7+ Kd6 65. Qxa7 Qxf3 66. Qb8+ Ke6 67. Qc8+ Ke7 68. Qc7+ Ke8 69.
Qe5+ Kd8 70. Qf4 Qd1 71. Kh4 Qe2 72. Qg5+ Kd7 73. h3 Qe4+ 74. Qf4 Qg6 75. Qg5 Qe4+ 76. Kxh5 Ke6 77. Qg4+ Ke5 78. Qxe4+ Kxe4 79. g4 1-0

[Event "*** Titled Tuesday Blitz"]
[Site "Chess.com"]
[Date "2020.04.14"]
[Round "5"]
[White "AnkitGajwa"]
[Black "VALPARAISO37"]
[Result "1-0"]
[WhiteElo "2549"]
[BlackElo "2362"]
[TimeControl "180+1"]
[EndTime "10:52:43 PDT"]
[Termination "AnkitGajwa won by checkmate"]

1. e4 e5 2. Nf3 Nc6 3. Bb5 g6 4. c3 Bg7 5. d4 exd4 6. cxd4 a6 7. Ba4 Nge7 8. d5 Na5 9. O-O b5 10. Bc2 O-O 11. Bd2 Nc4 12. Bc3 Nxb2 13. Qc1 Bxc3 14.
Nxc3 Nc4 15. Qh6 f6 16. Bb3 d6 17. Nd4 Rf7 18. Ne6 Bxe6 19. dxe6 Rg7 20. f4 Nd2 21. f5 Nxf1 22. Rxf1 gxf5 23. exf5 Qf8 24. Kh1 Rg5 25. Qh3 Kh8 26. Ne4 Rg7 27. g4 d5 28. Nc5 Qc8 29. Nd7 Qb7 30. Qf3 c5 31. Nxf6 c4 32. Bc2 Rf8 33. Nh5 Rg6 34. Kg1 Qb6+ 35. Rf2 Rxg4+ 36. Qxg4 Rg8 37. Qxg8+ Nxg8 38. Kf1 d4 39. f6 Nxf6 40. Rxf6 Kg8 41. e7 Qb8 42.
Rf8+ Qxf8+ 43. exf8=Q+ Kxf8 44. Nf6 d3 45. Bxd3 cxd3 46.
Nxh7+ Kg7 47. Ng5 Kg6 48. Nf3 Kf5 49. Ke1 Kf4 50. Nd4 Kg4 51. Kd2 Kh3 52. Kxd3 Kxh2 53. Kc3 Kg3 54. Kb4 Kf4 55. Nxb5 Ke5 56. Nc7 Kd6 57.
Nxa6 Kc6 58. Nc5 Kb6 59. a4 Ka7 60. Kb5 Ka8 61. a5 Kb8 62. Kb6 Ka8 63. a6 Kb8 64. Ne6 Kc8 65. a7 Kd7 66. Nc5+ Kd6 67. a8=Q Ke5 68. Qe4+ Kf6 69. Qe6+ Kg5 70. Qe5+ Kg4 71.
Qf6 Kg3 72. Qf5 Kg2 73. Qf4 Kg1 74. Qf3 Kh2 75. Qg4 Kh1 76. Ne4 Kh2 77. Kc5 Kh1 78.
Nf2+ Kh2 79. Nd3 Kh1 80. Nf4 Kh2 81. Qg2# 1-0

[Event "*** Titled Tuesday Blitz"]
[Site "Chess.com"]
[Date "2020.04.14"]
[Round "5"]
[White "Chichin_chao"]
[Black "Duong57"]
[Result "1-0"]
[WhiteElo "2367"]
[BlackElo "2201"]
[TimeControl "180+1"]
[EndTime "10:52:43 PDT"]
[Termination "Chichin_chao won on time"]

1. e4 c5 2. Nf3 d6 3. c3 Nf6 4. h3 Nc6 5. Bd3 e6 6. Bc2 Be7 7.
O-O O-O 8. Re1 Qc7 9. d4 cxd4 10. cxd4 e5 11. d5 Nb4 12. Bb3 Bd7 13. Nc3 a5 14. Be3 b5 15. Rc1 Qb7 16. a3 Na6 17. Bc2 Rac8 18.
g4 Rfd8 19. Ne2 Nc5 20. Ng3 b4 21. g5 Ne8 22. Nf5 Bf8 23. h4 b3 24. Bb1 Na4 25.
Qd2 Rxc1 26. Rxc1 Rc8 27. Re1 Nb6 28. Bd3 Nc4 29. Bxc4 Rxc4 30. Ng3 Rc2 31. Qxa5 Rxb2 32. Nd2 Rc2 33. Rb1 b2 34. Kg2 Qc8 35. f3 Bh3+ 36. Kf2 Bd7 37. Qb4 f5 38. gxf6 Nxf6 39. Rxb2 Rc1 40.
Ndf1 Rc2+ 41. Rxc2 Qxc2+ 42. Qd2 Qc4 43. Qb4 Qc2+ 44.
Nd2 Qd1 45. Ngf1 Bh3 46. a4 Bxf1 47. Nxf1 Qc2+ 48. Nd2 Qd1 49. a5 Qh1 50. a6 Qxh4+ 51.
Ke2 Qh2+ 52. Kd3 Qh1 53. a7 Qa1 54. Qb8 Qa6+ 55. Nc4 Nd7 56. a8=Q Nxb8 57. Qxb8 Qa4 58. Qb2 Qd1+ 59. Nd2 Qa4 60. Qb3 Qa6+ 61. Qc4 Qa3+ 62.
Ke2 Qa1 63. Qb5 Qh1 64. Qd7 Qg2+ 65. Kd3 Qg6 66. Qd8 Qe6 67. Bg5 Qf7 68. Bh4 h6 69. Ke3 g5 70. Bg3 Kh7 71. Nc4 1-0

[Event "*** Titled Tuesday Blitz"]
[Site "Chess.com"]
[Date "2020.04.14"]
[Round "5"]
[White "swayamsm"]
[Black "mishanick"]
[Result "0-1"]
[WhiteElo "2667"]
[BlackElo "2998"]
[TimeControl "180+1"]
[EndTime "10:52:44 PDT"]
[Termination "mishanick won on time"]

1. d4 Nf6 2. Nf3 d5 3. Bf4 e6 4. e3 Bd6 5. Bg3 O-O 6. Bd3 c5 7. c3 Qc7 8. Nbd2 Nbd7 9. O-O e5 10. e4 exd4 11. cxd4 Bxg3 12. hxg3 dxe4 13. Nxe4 Nxe4 14. Bxe4 Nf6 15. Qc2 Nxe4 16. Qxe4 cxd4 17. Rac1 Qa5 18. a3 Bf5 19. Qxd4 Rfd8 20. Qc5 Qxc5 21. Rxc5 Be4 22. Re1 Bc6 23. Rc3 f6 24. g4 h6 25.
Kh2 Kf7 26. Kg3 Rd7 27. Nh4 Rad8 28. Ree3 Rd2 29. b4 a6 30. Nf5 R8d7 31. f3 R2d5 32. Re2 h5 33. Rce3 hxg4 34. Kxg4 g6 35. Nh4 Rd2 36. Rxd2 Rxd2 37. Kg3 Bd7 38. f4 Bc6 39.
Nf3 Ra2 40. Nh4 Bd5 41. Kh3 f5 42. g4 fxg4+ 43. Kxg4 Kf6 44. Kg3 Rd2 45. Nf3 Rd1 46.
Kf2 Kf5 47. Nh4+ Kf6 48. Rg3 Be4 49. Re3 Bb1 50. Nf3 Bf5 51. Ne5 Rd2+ 52. Kg3 b5 53.
Ng4+ Kf7 54. Nh6+ Kf6 55. Nxf5 gxf5 56. Rc3 Ke6 57. Rc6+ Kd5 58. Rxa6 Rd3+ 59. Kh4 Ke4 60. Ra5 Kxf4 61. Rxb5 Rxa3 62. Rb8 Ra1 63. Kh3 Kf3 64. Kh2 f4 65. b5 Kf2 66. b6 Ra6 67. Rf8 f3 68. Rf6 Ra8 69. Kh3 Rh8+ 70. Kg4 Kg2 0-1

[Event "*** Titled Tuesday Blitz"]
[Site "Chess.com"]
[Date "2020.04.14"]
[Round "5"]
[White "arjwezhrtdrz"]
[Black "m-garcett"]
[Result "1-0"]
[WhiteElo "2203"]
[BlackElo "1996"]
[TimeControl "180+1"]
[EndTime "10:52:51 PDT"]
[Termination "arjwezhrtdrz won on time"]

1. e4 c5 2. c3 d6 3. Nf3 Qc7 4. d3 g6 5. a4 Bg7 6. Be2 Nf6 7.
O-O O-O 8. Na3 a6 9. h3 Nc6 10. Qc2 Rb8 11. Nc4 b5 12. axb5 axb5 13. Ne3 b4 14.
Nc4 Be6 15. Bf4 Bxc4 16. dxc4 bxc3 17. bxc3 Nd7 18. Nd2 Rb6 19. Rfb1 Rfb8 20. Rxb6 Qxb6 21. Ra2 h5 22. Be3 Qb7 23. f4 Ra8 24. Rb2 Ra1+ 25. Kh2 Qa7 26. g4 hxg4 27. hxg4 Re1 28. Nf3 Ra1 29. Kg2 Ra3 30. Bd2 Qa5 31. Rb3 Ra2 32. Rb2 Rxb2 33. Qxb2 Nb6 34. Qb3 Na4 35. Qb5 Qxb5 36.
cxb5 Na7 37. c4 Nc8 38. Kf2 Nab6 39. Ke3 Kf8 40. Kd3 Ke8 41. Ng5 Bf6 42. Nf3 Bg7 43. Bc3 Bxc3 44. Kxc3 Kd7 45. Ng5 f6 46. Nf3 Na4+ 47. Kb3 Nab6 48. Bd3 e5 49. fxe5 dxe5 50. Nh4 g5 51. Nf5 Nd6 52. Nh6 Ke6 53. Kc3 Ke7 54.
Ng8+ Kf7 55. Nh6+ Kg6 56. Nf5 Nxf5 57. exf5+ Kf7 58. Kd2 Ke7 59. Ke3 Kd6 60. Ke4 Na4 61.
Bc2 Nc3+ 62. Kd3 Na2 63. Bd1 Nb4+ 64. Kc3 e4 65. Kd2 Ke5 66. Ke3 1-0

[Event "*** Titled Tuesday Blitz"]
[Site "Chess.com"]
[Date "2020.04.14"]
[Round "5"]
[White "ElHelvetico"]
[Black "WIDBIFS"]
[Result "1-0"]
[WhiteElo "2620"]
[BlackElo "2773"]
[TimeControl "180+1"]
[EndTime "10:52:52 PDT"]
[Termination "ElHelvetico won by resignation"]

1. e4 g6 2. d4 Bg7 3. Nc3 c6 4. Nf3 d6 5. h3 Nf6 6. Be3 O-O 7. Be2 Qc7 8. O-O Nbd7 9. a4 e5 10. a5 exd4 11. Nxd4 Re8 12. Bd3 Nc5 13. Qf3 Nxd3 14. cxd3 Be6 15. b4 d5 16. Rac1 Qe7 17. b5 dxe4 18. dxe4 Bc4 19. Rfe1 c5 20. Nc2 b6 21. Na3 Be6 22. Nd5 Bxd5 23. exd5 Qd7 24. Red1 Rad8 25. axb6 axb6 26. Bg5 Re5 27. Bxf6 Rf5 28. Qxf5 gxf5 29. Bxd8 Qxd8 30. Nc4 Bd4 31. d6 f4 32. Re1 Qg5 33. Kf1 f3 34. gxf3 Qf5 35. Nxb6 Qxf3 36. Re2 Qxh3+ 37.
Ke1 Qh1+ 38. Kd2 Qh6+ 39. Kc2 Qxd6 40. Nc4 Qg6+ 41. Kd2 Qh6+ 42. Kd1 Qh1+ 43. Kd2 Qd5 44. Ke1 Bf6 45. b6 Qh1+ 46. Kd2 Bg5+ 47. Ne3 Qd5+ 48.
Ke1 Qh1+ 49. Kd2 Qd5+ 50. Ke1 Qc6 51. Rb1 Qh1+ 52. Nf1 Qb7 53. Re5 Be7 54. Ne3 Qh1+ 55. Nf1 Qb7 56. Ke2 c4 57. Ne3 c3 58. Rxe7 Qa6+ 59.
Kf3 c2 60. Nxc2 Qd3+ 61. Re3 Qxc2 62. Rbb3 Qf5+ 63. Ke2 Qc2+ 64. Ke1 Qc1+ 65. Ke2 Qc2+ 66. Kf1 Qd1+ 67. Kg2 Qd5+ 68. Rf3 Qb7 69. Kg3 h5 70. Rfc3 Qe4 71. b7 Qg4+ 72. Kh2 Qf4+ 73. Rg3+ Kh7 74.
b8=Q Qxf2+ 75. Rg2 Qh4+ 76. Kg1 Qe1+ 77. Kh2 Qh4+ 78. Rh3 1-0

[Event "*** Titled Tuesday Blitz"]
[Site "Chess.com"]
[Date "2020.04.14"]
[Round "5"]
[White "GMaka"]
[Black "talman67"]
[Result "1-0"]
[WhiteElo "2273"]
[BlackElo "2522"]
[TimeControl "180+1"]
[EndTime "10:52:54 PDT"]
[Termination "GMaka won on time"]

1. Nf3 Nf6 2. b3 d5 3. Bb2 c6 4. g3 Bg4 5. Bg2 Nbd7 6. O-O Bxf3 7. exf3 e5 8. Re1 Bd6 9. f4 e4 10. d3 e3 11. Rxe3+ Kf8 12. h3 h5 13. Nd2 h4 14. d4 hxg3 15. fxg3 a5 16. a4 Qb6 17. c3 c5 18. Nf3 c4 19. Ba3 Bxa3 20. Rxa3 Rc8 21. Ne5 Kg8 22. bxc4 dxc4 23. Ra1 Qc7 24. Rb1 Nb6 25. Rb5 Rd8 26. Qb1 Nfd5 27. Bxd5 Nxd5 28. Rf3 b6 29. Qe4 Nf6 30. Qf5 Rh5 31. Qb1 Rxh3 32. Kg2 Rh8 33. Rxb6 Qc8 34. f5 Qa8 35. Rb7 Rf8 36. Qb5 Ne4 37. Qd5 Ng5 38.
Rf4 Rh6 39. Rb5 Qb8 40. Rh4 Rxh4 41. gxh4 Nh7 42. Nd7 Qd8 43. Nxf8 Qxh4 44. Nxh7 Qg4+ 45. Kf2 Qh4+ 46. Kf3 Qh3+ 47. Ke2 Qh2+ 48. Ke3 Qh6+ 49. Ke4 Qd2 50. Ke5 Kxh7 51. Kd6 Qxc3 52. Kc5 Qd3 53.
Qxc4 Qxf5+ 54. d5 Qf2+ 55. Kc6 Qf6+ 56. d6 g6 57. Rd5 Qd8 58. Kb5 Qb8+ 59. Kxa5 Qa7+ 60.
Kb4 Qb6+ 61. Qb5 Qe3 62. d7 Qe1+ 63. Kc5 Qe7+ 64. Kc6 Qe6+ 65. Rd6 Qe4+ 66. Qd5 Qc2+ 67. Qc5 Qxa4+ 68. Kd5 Qa8+ 69. Rc6 Qa2+ 70. Kd6 Qh2+ 71. Ke7 Qe2+ 72. Kxf7 Qf3+ 73. Rf6 1-0

[Event "*** Titled Tuesday Blitz"]
[Site "Chess.com"]
[Date "2020.04.14"]
[Round "5"]
[White "KazakhFighter04"]
[Black "Tesla37"]
[Result "0-1"]
[WhiteElo "2726"]
[BlackElo "2888"]
[TimeControl "180+1"]
[EndTime "10:52:57 PDT"]
[Termination "Tesla37 won by resignation"]

1. d4 Nf6 2. c4 d6 3. Nc3 Nbd7 4. e4 e5 5. Nge2 g6 6. g3 Bg7 7. Bg2 O-O 8. O-O a6 9. h3 Re8 10. Be3 c6 11. a4 a5 12. d5 c5 13. Nc1 Rf8 14. Nd3 Ne8 15. f4 exf4 16. Bxf4 Qe7 17. Qd2 Ne5 18. Nxe5 Bxe5 19. Rae1 Bd7 20. b3 Ng7 21. g4 Rae8 22. Nd1 b6 23. Nf2 Bxf4 24. Qxf4 f6 25. Nd3 Rf7 26. Qg3 Ref8 27. Rf2 Kh8 28. Ref1 Ne8 29. Qh4 Ng7 30. Nf4 Kg8 31. Nd3 Ne8 32.
Qg3 Ng7 33. Kh2 Kh8 34. Qh4 Ne8 35. Qg3 Rg8 36. Qh4 Rgf8 37. Qg3 Rg8 38. g5 Rgf8 39. gxf6 Rxf6 40. Rxf6 Rxf6 41. Rxf6 Nxf6 42. e5 dxe5 43. Nxe5 Kg7 44. Qc3 Bf5 45. Kg1 h5 46. Nc6 Qd6 47. Qe3 Bd7 48. Ne5 Be8 49. Qf4 Nd7 50. Nd3 Qxf4 51.
Nxf4 Ne5 52. h4 Bd7 53. Kf2 Kf6 54. Be4 Bf5 55. Ke3 Ng4+ 56. Kf3 Ne5+ 57. Ke3 Ng4+ 58.
Kf3 Nh2+ 59. Ke3 Nf1+ 60. Kd3 Ng3 61. Bxf5 Nxf5 62. Ke4 Nd6+ 63. Kf3 Nf5 64. Ng2 Ke5 65. Kf2 Nd4 66. Ke3 Nxb3 67. Nf4 Kf6 68. d6 Nd4 69. Nd5+ Ke6 70. Nxb6 Kxd6 71. Kf4 Ne6+ 72. Ke4 g5 73. hxg5 Nxg5+ 74. Kf5 Ne6 75. Nd5 Nd4+ 76. Kg5 Nf3+ 77. Kxh5 Nd2 78. Kg4 Nxc4 79. Ne3 Nxe3+ 0-1

[Event "*** Titled Tuesday Blitz"]
[Site "Chess.com"]
[Date "2020.04.14"]
[Round "5"]
[White "The_Chess_Coach"]
[Black "BlackWidow515"]
[Result "0-1"]
[WhiteElo "2159"]
[BlackElo "1973"]
[TimeControl "180+1"]
[EndTime "10:52:57 PDT"]
[Termination "BlackWidow515 won by resignation"]

1. d4 d5 2. c4 e6 3. Nc3 Nf6 4.
cxd5 exd5 5. Bg5 Be7 6. Qc2 h6 7. e3 hxg5 8. Bd3 Nbd7 9. O-O-O Nb6 10. Kb1 Be6 11. Nf3 g4 12. Ne5 c6 13. f4 gxf3 14. gxf3 Qd6 15. f4 g6 16. Rhe1 a6 17. Qb3 Qb4 18. Qc2 O-O-O 19. f5 gxf5 20. Bxf5 Rhg8 21.
Nxf7 Rd6 22. Nxd6+ Qxd6 23. Bd3 Ng4 24. h3 Nf6 25. e4 dxe4 26. Nxe4 Nxe4 27. Bxe4 Nd5 28. a3 Bh4 29. Re2 Nf4 30. Red2 Bxh3 31. d5 c5 32.
Bf5+ Bxf5 33. Qxf5+ Kb8 34. Rf1 Rf8 35. Qe4 Bd8 36. Rdf2 Bc7 37. Rd1 Qe5 38. Qc2 Bd6 39. Ka1 Qf5 40. Qd2 Re8 41. Rdf1 Re4 42. Rh1 Ka7 43.
Rhf1 Rd4 44. Qc3 Qxd5 45. Rc1 Rd1 46. Rxd1 Qxd1+ 47. Ka2 Qd5+ 48. Ka1 Nd3 49. Rd2 c4 50. b3 Be5 51. Rxd3 Bxc3+ 52. Rxc3 cxb3 53. Kb2 Qd2+ 54. Kxb3 Qd5+ 55. Kb2 a5 56. Kc2 Qa2+ 57. Kc1 a4 58.
Kd1 Ka6 59. Kc1 Qa1+ 60. Kc2 b6 61. Kd2 Qb2+ 62. Kd3 Ka5 63. Kd4 b5 64. Kd3 Qb1+ 65.
Kd2 Qb2+ 66. Kd3 b4 67. Rc5+ Kb6 68. axb4 Qxb4 69. Rc3 a3 70. Rc4 Qxc4+ 71. Kxc4 a2 72. Kb3 a1=Q 0-1

[Event "*** Titled Tuesday Blitz"]
[Site "Chess.com"]
[Date "2020.04.14"]
[Round "5"]
[White "Kingsman132"]
[Black "GMMarcinDziuba"]
[Result "0-1"]
[WhiteElo "2435"]
[BlackElo "2689"]
[TimeControl "180+1"]
[EndTime "10:53:02 PDT"]
[Termination "GMMarcinDziuba won by resignation"]

1. e4 c5 2. c3 Nf6 3. e5 Nd5 4. d4 cxd4 5. Nf3 e6 6. cxd4 d6 7. Bc4 Nc6 8. O-O Be7 9. exd6 Qxd6 10. Nc3 Nxc3 11. bxc3 O-O 12. a4 b6 13. Ba3 Qc7 14.
Bxe7 Nxe7 15. Qe2 Bb7 16. Ne5 Ng6 17. Nxg6 hxg6 18. Rfc1 Rac8 19. Bd3 Rfe8 20. Be4 Bxe4 21. Qxe4 Qc4 22. Qe3 Red8 23. f3 Rd5 24. Ra3 Ra5 25. Rca1 Qd5 26. Qe4 Rc4 27. Qxd5 Rxd5 28. a5 b5 29. a6 b4 30. cxb4 Rxb4 31. Rc3 Rdxd4 32. Rc7 Rd2 33. Rxa7 Rbb2 34. Rb7 Rxg2+ 35. Kf1 Rbf2+ 36. Ke1 Rc2 37. Kf1 Rxh2 38. Kg1 Rcg2+ 39. Kf1 Rh1+ 40. Kxg2 Rxa1 41. a7 Kh7 42. Rxf7 e5 43.
Re7 Ra4 44. Kg3 Kh6 45. Kh3 g5 46. Re6+ g6 47. Re7 Ra5 48. Kg3 Ra4 49. Kf2 Ra5 50.
Ke3 Ra4 51. Kd3 g4 52. fxg4 Kg5 53. Rxe5+ Kh4 54. Re7 Ra3+ 55. Kc4 Kxg4 56. Kb5 Kh5 57. Kb6 g5 58. Rh7+ Kg4 59. Rd7 Rb3+ 60. Ka6 Ra3+ 61.
Kb6 Kh4 62. Rd5 g4 63. Ra5 Rb3+ 64. Kc7 Rc3+ 65. Kd6 Rd3+ 66. Ke5 Rd8 67. a8=Q Rxa8 68. Rxa8 Kg3 69. Rg8 Kf3 70. Ra8 g3 71. Ra3+ Kf2 72.
Kf4 g2 73. Ra2+ Kg1 74. Ra1+ Kh2 75. Ra2 Kh1 76. Kg3 g1=Q+ 77. Kh3 Qf1+ 78. Kg3 Qd3+ 79. Kg4 Qc4+ 80. Kg5 Qxa2 0-1

[Event "*** Titled Tuesday Blitz"]
[Site "Chess.com"]
[Date "2020.04.14"]
[Round "5"]
[White "anesar92"]
[Black "Blitzking642"]
[Result "1-0"]
[WhiteElo "2684"]
[BlackElo "2392"]
[TimeControl "180+1"]
[EndTime "10:53:07 PDT"]
[Termination "anesar92 won on time"]

1. e4 c5 2. Nf3 Nc6 3. d4 cxd4 4. Nxd4 g6 5. c4 Bg7 6. Be3 Nf6 7. Nc3 O-O 8. Be2 d6 9. O-O Bd7 10. h3 Nxd4 11.
Bxd4 Bc6 12. Qc2 a5 13. Rad1 Nd7 14. Bxg7 Kxg7 15. Bg4 Ne5 16. c5 Nxg4 17. hxg4 Qc8 18. cxd6 exd6 19. f3 Qe6 20. Rd4 Rfd8 21. Rfd1 a4 22.
Qd2 a3 23. b3 Qe5 24. Ne2 h5 25. gxh5 Qxh5 26. Rxd6 Rh8 27. Qd4+ Kg8 28. Ng3 Qg5 29. Rd8+ Rxd8 30. Qxd8+ Qxd8 31. Rxd8+ Kg7 32. Rxh8 Kxh8 33. Kf2 Bb5 34. Ne2 Kg7 35. Ke3 Kf6 36. Nc3 Bf1 37. g3 b5 38. Kf2 Bd3 39. Ke3 Bf1 40. Nd5+ Ke5 41. Nb4 Kd6 42. Kd4 f6 43. Nc2 g5 44.
Nxa3 Kc6 45. Nc2 Be2 46. Nb4+ Kd6 47. f4 gxf4 48. gxf4 Bd1 49. e5+ fxe5+ 50. fxe5+ Ke6 51. Nd3 Bc2 52. Nc5+ Ke7 53. b4 Bb1 54. a3 Ba2 55.
Nd3 Ke6 56. Nc5+ Ke7 57. Ne4 Ke6 58. Nc3 Bc4 59. Kc5 Kxe5 60. Nxb5 Be2 61. Nc3 Ke6 62. b5 Bf3 63. a4 Kd7 64. a5 Kc8 65. a6 Kb8 66.
Na4 Ka8 67. Kb6 Kb8 68. Ka5 Ka7 69. Nc5 Bg4 70. b6+ Kb8 71. b7 Ka7 72. Nd7 Bxd7 73. b8=Q+ 1-0

[Event "*** Titled Tuesday Blitz"]
[Site "Chess.com"]
[Date "2020.04.14"]
[Round "5"]
[White "Lion-Al-Messi"]
[Black "Anurag328"]
[Result "1/2-1/2"]
[WhiteElo "2479"]
[BlackElo "2751"]
[TimeControl "180+1"]
[EndTime "10:53:11 PDT"]
[Termination "Game drawn by agreement"]

1. d4 Nf6 2. Nf3 c5 3. Nc3 cxd4 4. Nxd4 d5 5. Bg5 e6 6. e4 dxe4 7. Bb5+ Bd7 8. O-O Be7 9. Qe2 O-O 10. Nxe4 Nxe4 11. Bxe7 Nc3 12. bxc3 Qxe7 13. Bd3 Nc6 14. Rab1 Nxd4 15. cxd4 Bc6 16. c4 Qf6 17. d5 exd5 18.
cxd5 Rfe8 19. Qh5 g6 20. Qg4 Bxd5 21. h4 h5 22. Qb4 Rad8 23. Rbe1 Rxe1 24. Rxe1 Bxa2 25.
Bc2 Bd5 26. Qa5 Qb6 27. Qxb6 axb6 28. Rd1 Rd7 29. Ba4 Bc6 30. Rxd7 Bxa4 31. Rxb7 b5 32. Kf1 Kg7 33. Ke2 Bb3 34. Ke3 Bc4 35. Kd4 Kf6 36. f3 Kf5 37. g3 f6 38. Rc7 Be2 39. Rc5+ Ke6 40. Ke3 Bc4 41. g4 Kd6 42. Rc8 hxg4 43. fxg4 Be6 44. Rb8 Bxg4 45. Rxb5 Bh5 46.
Kf4 Ke6 47. Rb6+ Kf7 48. Rb7+ Ke6 49. Rb6+ Kf7 50. Rb7+ Ke6 51. Rg7 Kd6 52. Rh7 Ke6 53. Rh6 Kf7 54. Rh7+ Ke6 55. Rc7 Kd6 56. Ra7 Ke6 57.
Ra6+ Ke7 58. Ra7+ Ke6 59. Ra6+ Kf7 60. Ke4 Ke7 61. Kd5 Bf3+ 62. Kd4 Be2 63. Ra7+ Ke6 64. Ke3 Bh5 65. Kf4 Kd6 66. Ra6+ Ke7 67. Ra5 Be2 68.
Ra3 Bh5 69. Re3+ Kd6 70. Rg3 Ke6 71. Ke4 Kd6 72. Rg1 Ke6 73. Kf4 Kd6 74. Rb1 Ke6 75. Rb5 Kd6 76. Rxh5 gxh5 77. Kf5 Ke7 78. Kg6 Ke6 79.
Kxh5 Kf7 80. Kh6 f5 81. Kg5 f4 82. Kxf4 Kg7 83. Kg5 Kh7 1/2-1/2